[Event "ICC tourney 2533 (25 5)"]
[Site "Internet Chess Club"]
[Date "2021.04.25"]
[Round "7"]
[White "KOLLI, SIVA:K09-16953345"]
[Black "DE LI HSU, IAN:K09-17146724"]
[Result "0-1"]
[ICCResult "White checkmated"]
[WhiteElo "181"]
[BlackElo "797"]
[Opening "Giuoco Piano"]
[ECO "C53"]
[NIC "IG.02"]
[Time "15:03:01"]
[PlyCount "112"]
[TimeControl "1500+5"]

1. e4 e5 2. Nf3 Nc6 3. Bc4 Bc5 4. c3 a6 5. d4 exd4 6. cxd4 Ba7 7. Nc3 d6 8.
Ng5 Nh6 9. Nf3 Ng4 10. h3 Nf6 11. Bg5 O-O 12. Nd5 b5 13. Bb3 Re8 14. Bc2
Be6 15. Nxf6+ gxf6 16. Bh6 d5 17. Be3 dxe4 18. Bxe4 Bd5 19. Bxd5 Qxd5 20.
O-O Re4 21. Rc1 Bxd4 22. Nxd4 Nxd4 23. Bxd4 Rxd4 24. Qc2 Rc4 25. Qd1 Qxd1
26. Rfxd1 Rxc1 27. Rxc1 Rd8 28. Rxc7 Kg7 29. Ra7 Rd1+ 30. Kh2 Rd6 31. Kg3
Rd3+ 32. f3 Rd6 33. h4 h5 34. Kh3 f5 35. f4 Rd4 36. g3 Rd6 37. a3 Kf6 38.
b4 Ke6 39. Ra8 Kd7 40. Ra7+ Ke6 41. Kg2 Rd2+ 42. Kh3 Rd6 43. Kh2 Rd2+ 44.
Kg1 Rd1+ 45. Kf2 Rd2+ 46. Ke3 Rd6 47. Kf2 Rd2+ 48. Kf3 Rd3+ 49. Kg2 Rxa3
50. Kh3 Rb3 51. Rxa6+ Kd5 52. Rf6 Rxb4 53. Rxf5+ Ke4 54. Rxh5 Kf3 55. Rf5
Rb1 56. Rxf7 Rh1# { White checkmated } 0-1

[Event "ICC tourney 2533 (25 5)"]
[Site "Internet Chess Club"]
[Date "2021.04.25"]
[Round "7"]
[White "LEDDY, GRADY:K09-16041431"]
[Black "QUAN, JAKE TAYLOR:K09-15117746"]
[Result "1-0"]
[ICCResult "Black checkmated"]
[WhiteElo "1091"]
[BlackElo "1582"]
[Opening "Sicilian: closed"]
[ECO "B23"]
[NIC "SI.44"]
[Time "15:01:04"]
[PlyCount "61"]
[TimeControl "1500+5"]

1. e4 c5 2. Nc3 d6 3. f4 Nc6 4. Nf3 Nf6 5. Bc4 g6 6. d3 Bg7 7. Be3 O-O 8.
O-O Ng4 9. Qe1 Nxe3 10. Qxe3 Nd4 11. Rac1 Bg4 12. Kh1 Nxf3 13. gxf3 Bh3 14.
Rg1 Bd4 15. Qe2 Bxg1 16. Rxg1 Bd7 17. f5 a6 18. fxg6 b5 19. Qf2 bxc4 20.
gxh7+ Kh8 21. Qg3 Rg8 22. hxg8=Q+ Qxg8 23. Qf2 Qh7 24. dxc4 Qh6 25. Nd5 e6
26. Nb6 Rd8 27. Nxd7 Rxd7 28. Rg4 Qc1+ 29. Kg2 f5 30. Qh4+ Rh7 31. Qd8# {
Black checkmated } 1-0

[Event "ICC tourney 2533 (25 5)"]
[Site "Internet Chess Club"]
[Date "2021.04.25"]
[Round "7"]
[White "THIMMASAMUDRAM, SANDEEP:K09-16278356"]
[Black "WEICHENG ZHANG, JUSTIN:K09-16253356"]
[Result "0-1"]
[ICCResult "White resigns"]
[WhiteElo "863"]
[BlackElo "1355"]
[Opening "Robatsch (modern) defense"]
[ECO "B06"]
[NIC "KF.06"]
[Time "15:02:29"]
[PlyCount "129"]
[TimeControl "1500+5"]

1. e4 g6 2. Bc4 Bg7 3. Nf3 d6 4. d4 Nf6 5. Nc3 Bg4 6. h3 Bxf3 7. Qxf3 Nc6
8. Qd1 O-O 9. O-O Nd7 10. d5 Na5 11. Be2 Re8 12. Bd2 b6 13. Ba6 Nc5 14. Bb5
c6 15. dxc6 Bxc3 16. Bxc3 Nxe4 17. Bxa5 bxa5 18. c7 Qxc7 19. Bxe8 Rxe8 20.
Qf3 Nd2 21. Qd3 Nxf1 22. Rxf1 Rc8 23. Rc1 Rb8 24. b3 Qc5 25. h4 Qa3 26. Re1
e6 27. h5 Rb6 28. h6 Qc5 29. Qd2 Rc6 30. c4 Qh5 31. Re3 Qxh6 32. Qxa5 Qf8
33. Qxa7 Qc8 34. Rf3 f5 35. Rh3 Rc7 36. Qe3 Re7 37. a4 Qb7 38. a5 Kf8 39.
Qh6+ Ke8 40. Qe3 Kd7 41. Qc3 e5 42. Rd3 e4 43. Rd2 Ke6 44. c5 dxc5 45. Qc4+
Kf6 46. Rd6+ Kg7 47. Qc3+ Kg8 48. Rd8+ Kf7 49. Qc4+ Kf6 50. Qc3+ Kg5 51.
Qh3 Qc7 52. Qg3+ Qxg3 53. fxg3 Ra7 54. Kf2 Rxa5 55. Rb8 Ra2+ 56. Kg1 Rb2
57. Kh2 c4 58. Rh8 Rxb3 59. Rxh7 c3 60. Rh4 c2 61. Rf4 c1=Q 62. Rg4+ Kf6
63. Rxg6+ Kxg6 64. g4 Qf4+ 65. g3 { White resigns } 0-1

[Event "ICC tourney 2533 (25 5)"]
[Site "Internet Chess Club"]
[Date "2021.04.25"]
[Round "7"]
[White "BRUM, CHARLES:K09-30020736"]
[Black "N DAAS, CHIRAG:K09-16003211"]
[Result "1-0"]
[ICCResult "Black resigns"]
[WhiteElo "910"]
[BlackElo "470"]
[Opening "Philidor's defense"]
[ECO "C41"]
[NIC "KP.10"]
[Time "15:02:18"]
[PlyCount "61"]
[TimeControl "1500+5"]

1. e4 e5 2. Nf3 d6 3. Bc4 h6 4. O-O Nf6 5. Nc3 Be7 6. d3 Nc6 7. Be3 O-O 8.
h3 Be6 9. Bb3 Na5 10. Qd2 c5 11. Bxh6 gxh6 12. Qxh6 Nh7 13. g4 Bg5 14. Qh5
f6 15. h4 Bxb3 16. axb3 Bd2 17. Nxd2 f5 18. exf5 Nf6 19. Qg5+ Kh8 20. Qh6+
Nh7 21. g5 Kg8 22. g6 Nf6 23. Nd5 Qc8 24. Nxf6+ Rxf6 25. Ne4 Rxf5 26. Qh7+
Kf8 27. Qh8+ Ke7 28. Qh7+ Kd8 29. g7 Rg5+ 30. hxg5 Qg4+ 31. Ng3 { Black
resigns } 1-0

[Event "ICC tourney 2533 (25 5)"]
[Site "Internet Chess Club"]
[Date "2021.04.25"]
[Round "7"]
[White "JAMES, MATTHEW:K09-16417961"]
[Black "BALU, JAYANTH:K09-15760188"]
[Result "1-0"]
[ICCResult "Black resigns"]
[WhiteElo "1820"]
[BlackElo "940"]
[Opening "English: Carls' Bremen system"]
[ECO "A22"]
[NIC "EO.10"]
[Time "15:03:50"]
[PlyCount "41"]
[TimeControl "1500+5"]

1. c4 e5 2. Nc3 Nf6 3. g3 Bc5 4. Bg2 Nc6 5. e3 O-O 6. Nge2 d6 7. O-O Bg4 8.
h3 Be6 9. d4 exd4 10. exd4 Nxd4 11. Nxd4 Bxc4 12. Re1 c6 13. Ne4 Nxe4 14.
Bxe4 Re8 15. Qg4 Bxd4 16. Bg5 f6 17. Bh6 Re7 18. Rac1 Bxa2 19. Rcd1 Qb6 20.
Bxh7+ Kxh7 21. Rxe7 { Black resigns } 1-0

[Event "ICC tourney 2533 (25 5)"]
[Site "Internet Chess Club"]
[Date "2021.04.25"]
[Round "7"]
[White "BIAN, ERIN:K09-16926853"]
[Black "LAMPING, ANDREW:K09-16230258"]
[Result "1-0"]
[ICCResult "Black checkmated"]
[WhiteElo "1765"]
[BlackElo "1327"]
[Opening "Ruy Lopez: classical defense, 4.c3"]
[ECO "C64"]
[NIC "RL.01"]
[Time "15:00:35"]
[PlyCount "49"]
[TimeControl "1500+5"]

1. e4 e5 2. Nf3 Nc6 3. Bb5 Bc5 4. c3 a6 5. Ba4 Nf6 6. Bc2 d6 7. O-O Bg4 8.
d3 O-O 9. Nbd2 d5 10. Qe2 dxe4 11. Nxe4 Bb6 12. Bg5 Qe7 13. d4 h6 14. Nxf6+
gxf6 15. Bxh6 Rfe8 16. h3 e4 17. hxg4 exf3 18. Qd3 f5 19. Qxf5 f6 20. Qxf3
Qh7 21. Bxh7+ Kxh7 22. g5 fxg5 23. Qh5 Kg8 24. Qg6+ Kh8 25. Qg7# { Black
checkmated } 1-0

[Event "ICC tourney 2533 (25 5)"]
[Site "Internet Chess Club"]
[Date "2021.04.25"]
[Round "7"]
[White "MEHTA, KHUSH:K09-16425411"]
[Black "ARIA NEISHABOURI, JACKSON:K09-16811344"]
[Result "1-0"]
[ICCResult "Black checkmated"]
[WhiteElo "579"]
[BlackElo "976"]
[Opening "Alekhine's defense: Maróczy variation"]
[ECO "B02"]
[NIC "AL.10"]
[Time "15:24:45"]
[PlyCount "37"]
[TimeControl "1500+5"]

1. e4 Nf6 2. d3 e5 3. Nc3 d5 4. exd5 Nxd5 5. Nxd5 Qxd5 6. Nf3 Nc6 7. Be3
Bc5 8. Bxc5 Qxc5 9. c3 Qe7 10. d4 exd4+ 11. Be2 dxc3 12. bxc3 O-O 13. O-O
Re8 14. Re1 Ne5 15. Bc4 Qc5 16. Nxe5 Rxe5 17. Rxe5 Qxe5 18. Qd8+ Qe8 19.
Qxe8# { Black checkmated } 1-0

[Event "ICC tourney 2533 (25 5)"]
[Site "Internet Chess Club"]
[Date "2021.04.25"]
[Round "7"]
[White "MAXIMILIAN RUIZ, ANTHONY:K09-17237494"]
[Black "MORSE, FRANK:K09-16935924"]
[Result "1-0"]
[ICCResult "Black checkmated"]
[WhiteElo "1079"]
[BlackElo "610"]
[Opening "Queen's pawn, Mason variation"]
[ECO "D00"]
[NIC "QP.08"]
[Time "15:02:21"]
[PlyCount "103"]
[TimeControl "1500+5"]

1. d4 d5 2. Bf4 Nc6 3. e3 Nf6 4. c3 Bf5 5. Nf3 g6 6. Bd3 Be4 7. Bxe4 Nxe4
8. Nbd2 Nf6 9. Qe2 e6 10. Ne5 Nxe5 11. Bxe5 Bd6 12. Bxd6 Qxd6 13. O-O-O O-O
14. e4 Rfe8 15. e5 Qd7 16. exf6 Qa4 17. Kb1 b5 18. Rc1 Rab8 19. Nf3 a5 20.
h4 b4 21. Ne5 bxc3 22. Rxc3 Red8 23. Qg4 Qb4 24. Rb3 Qd2 25. Rd1 Qxf2 26.
h5 Rxb3 27. axb3 Rb8 28. Nd3 Qxf6 29. hxg6 hxg6 30. Nc5 Rb4 31. Nd7 Qe7 32.
Ne5 Rxb3 33. Nxg6 fxg6 34. Qxg6+ Qg7 35. Qe8+ Qf8 36. Qxe6+ Qf7 37. Qg4+
Qg7 38. Qc8+ Kh7 39. Rh1+ Kg6 40. Qg4+ Kf6 41. Qf4+ Kg6 42. Qg4+ Kf6 43.
Rf1+ Ke7 44. Qxg7+ Kd6 45. Qe5+ Kc6 46. Rc1+ Kb5 47. Qxd5+ Kb6 48. Rc6+ Kb7
49. Rc3+ Kb6 50. Rxb3+ Ka6 51. Qb5+ Ka7 52. Qxa5# { Black checkmated } 1-0

[Event "ICC tourney 2533 (25 5)"]
[Site "Internet Chess Club"]
[Date "2021.04.25"]
[Round "7"]
[White "MADABUSHI, RAGHAVAN:K09-15400603"]
[Black "PETERSON, RYAN:K09-14901322"]
[Result "1-0"]
[ICCResult "Black resigns"]
[WhiteElo "1412"]
[BlackElo "2016"]
[Opening "Queen's pawn game, Darooha variation "]
[ECO "D02"]
[NIC "QP.08"]
[Time "15:03:41"]
[PlyCount "47"]
[TimeControl "1500+5"]

1. d4 d5 2. Nf3 Nf6 3. g3 e6 4. Bg2 Be7 5. Nbd2 O-O 6. b3 c5 7. e3 Nc6 8.
Bb2 b6 9. O-O Bb7 10. c4 Rc8 11. a3 cxd4 12. Nxd4 Nxd4 13. Bxd4 Qd7 14. Qe2
dxc4 15. Bxb7 Qxb7 16. Nxc4 Rfd8 17. Rac1 Ne4 18. Qf3 Qd5 19. Qg4 g6 20.
Rcd1 h5 21. Qf3 Nc5 22. Qe2 Qf5 23. Qb2 Qf6 24. Bxf6 { Black resigns } 1-0

[Event "ICC tourney 2533 (25 5)"]
[Site "Internet Chess Club"]
[Date "2021.04.25"]
[Round "7"]
[White "CARRASCO, CHRISTIAN:K09-15929632"]
[Black "SHAH, ROSHAN:K09-15246447"]
[Result "1-0"]
[ICCResult "Black checkmated"]
[WhiteElo "1734"]
[BlackElo "1320"]
[Opening "Sicilian: Smith-Morra gambit"]
[ECO "B21"]
[NIC "SI.48"]
[Time "15:00:39"]
[PlyCount "53"]
[TimeControl "1500+5"]

1. e4 c5 2. d4 cxd4 3. c3 dxc3 4. Nxc3 Nc6 5. Nf3 g6 6. Bc4 Bg7 7. O-O a6
8. Qe2 e6 9. Rd1 Nge7 10. Bf4 O-O 11. Bd6 Re8 12. Rd2 f5 13. e5 b5 14. Bb3
Bb7 15. Rad1 Nc8 16. Qe3 Na5 17. Bc5 Bc6 18. Nd4 Qh4 19. Nxc6 Nxc6 20. Rxd7
Nxe5 21. Rxg7+ Kxg7 22. Qxe5+ Qf6 23. Rd7+ Ne7 24. Qd6 Kf7 25. Bd4 Qg5 26.
Qxe6+ Kf8 27. Qf7# { Black checkmated } 1-0

[Event "ICC tourney 2533 (25 5)"]
[Site "Internet Chess Club"]
[Date "2021.04.25"]
[Round "7"]
[White "S DINGLASAN, MATTHEW:K09-15748615"]
[Black "GOLSEFIDY, SEPEHR:K09-16686975"]
[Result "1/2-1/2"]
[ICCResult "Game drawn by mutual agreement"]
[WhiteElo "1569"]
[BlackElo "1882"]
[Opening "Queen's bishop game"]
[ECO "D02"]
[NIC "QP.08"]
[Time "15:03:23"]
[PlyCount "58"]
[TimeControl "1500+5"]

1. d4 d5 2. Nf3 Nf6 3. Bf4 Bf5 4. e3 e6 5. Be2 Bd6 6. Bg3 c5 7. c3 Nc6 8.
O-O O-O 9. Nbd2 Bxg3 10. hxg3 Qb6 11. Qb3 Qxb3 12. Nxb3 cxd4 13. Nbxd4 Nxd4
14. cxd4 Rfc8 15. Rac1 Kf8 16. Ne5 Ke7 17. Bd3 Bxd3 18. Nxd3 Ne4 19. Rfd1
Nd6 20. b3 Rxc1 21. Rxc1 Rc8 22. Rxc8 Nxc8 23. Kf1 Nd6 24. f3 f6 25. Ke2 b6
26. g4 g5 27. g3 Kd7 28. a4 Kc6 29. Kd2 Nf7 { Game drawn by mutual
agreement } 1/2-1/2

[Event "ICC tourney 2533 (25 5)"]
[Site "Internet Chess Club"]
[Date "2021.04.25"]
[Round "7"]
[White "KIM, CALVIN:K09-16320250"]
[Black "ROMANYUK, NIKITA:K09-16682244"]
[Result "0-1"]
[ICCResult "White checkmated"]
[WhiteElo "778"]
[BlackElo "166"]
[Opening "Petrov: Italian variation"]
[ECO "C42"]
[NIC "RG.01"]
[Time "15:01:58"]
[PlyCount "66"]
[TimeControl "1500+5"]

1. e4 e5 2. Nf3 Nf6 3. Bc4 h6 4. O-O Nc6 5. Re1 a6 6. c3 Bc5 7. d4 exd4 8.
cxd4 Ba7 9. Nc3 d6 10. Bf4 O-O 11. e5 dxe5 12. dxe5 Nh5 13. Be3 Bg4 14.
Bxa7 Nxa7 15. h3 Bxf3 16. Qxf3 g6 17. Qg4 Ng7 18. Qxg6 Nc6 19. Qxh6 Qd4 20.
Bb3 Nxe5 21. Rad1 Qc5 22. Rd5 Qc6 23. Rdxe5 Qxh6 24. Nd5 Rae8 25. Rxe8 Rxe8
26. Ne7+ Kf8 27. Ng6+ Qxg6 28. Rc1 Qd6 29. Kf1 c6 30. Rc3 Qe5 31. Re3 Qxb2
32. Rf3 Qc1+ 33. Bd1 Qxd1# { White checkmated } 0-1

[Event "ICC tourney 2533 (25 5)"]
[Site "Internet Chess Club"]
[Date "2021.04.25"]
[Round "7"]
[White "KALIKIRI, SAKETH:K09-15532792"]
[Black "KOLLIPARA, ADVAITH:K09-15014487"]
[Result "0-1"]
[ICCResult "White checkmated"]
[WhiteElo "1181"]
[BlackElo "1648"]
[Opening "French: exchange, Svenonius variation"]
[ECO "C00"]
[NIC "FR.01"]
[Time "15:00:40"]
[PlyCount "70"]
[TimeControl "1500+5"]

1. e4 e6 2. Nc3 d5 3. exd5 exd5 4. d4 Nf6 5. Bg5 Be7 6. Nf3 O-O 7. Bd3 Bg4
8. O-O Nc6 9. h3 Bxf3 10. Qxf3 Nxd4 11. Qe3 Nc6 12. Bxf6 Bxf6 13. Qf3 Bxc3
14. bxc3 Ne5 15. Qf5 Ng6 16. Rad1 Re8 17. c4 d4 18. c5 Re5 19. Qf3 Rxc5 20.
Qxb7 Rg5 21. Bxg6 hxg6 22. Rxd4 Qxd4 23. Qxa8+ Kh7 24. Re1 Rf5 25. Re8
Qxf2+ 26. Kh1 Qf1+ 27. Kh2 Qf4+ 28. Kh1 g5 29. Qxa7 Qc1+ 30. Kh2 Qxc2 31.
a3 Rf2 32. Qb7 c6 33. Re7 Rxg2+ 34. Kh1 Rh2+ 35. Kg1 Qg2# { White
checkmated } 0-1

[Event "ICC tourney 2533 (25 5)"]
[Site "Internet Chess Club"]
[Date "2021.04.25"]
[Round "7"]
[White "LI, YIYANG:K09-30018058"]
[Black "KOLLI, SAI:K09-16397773"]
[Result "1/2-1/2"]
[ICCResult "Game drawn by mutual agreement"]
[WhiteElo "1008"]
[BlackElo "1507"]
[Opening "Giuoco Piano"]
[ECO "C54"]
[NIC "IG.02"]
[Time "15:08:24"]
[PlyCount "83"]
[TimeControl "1500+5"]

1. e4 e5 2. Nf3 Nc6 3. Bc4 Bc5 4. c3 Nf6 5. d3 d6 6. h3 Be6 7. Nbd2 Kf8 8.
O-O Ke7 9. Re1 Qd7 10. Bxe6 fxe6 11. Nc4 b5 12. Na3 a6 13. d4 exd4 14. cxd4
Bb4 15. Bd2 Bxd2 16. Qxd2 Kf7 17. Nc2 d5 18. e5 Ne4 19. Qf4+ Ke8 20. Ng5
Rf8 21. Qe3 Nxg5 22. Qxg5 Qf7 23. Qe3 Qf4 24. Qxf4 Rxf4 25. Rad1 Ke7 26.
Re3 Raf8 27. Re2 Na5 28. b3 Nc6 29. Kf1 Rh4 30. Re3 g5 31. Rg3 h6 32. a3
Rff4 33. Rgd3 Rf8 34. b4 Re4 35. g3 h5 36. f3 g4 37. Kg2 gxf3+ 38. Kg1 Re2
39. R3d2 Rxd2 40. Rxd2 a5 41. Kf2 axb4 42. axb4 { Game drawn by mutual
agreement } 1/2-1/2

[Event "ICC tourney 2533 (25 5)"]
[Site "Internet Chess Club"]
[Date "2021.04.25"]
[Round "7"]
[White "ROUCHKA, TOBY:K09-15518851"]
[Black "YANG, ANDREW:K09-16578406"]
[Result "1-0"]
[ICCResult "Black checkmated"]
[WhiteElo "705"]
[BlackElo "1263"]
[Opening "Giuoco Piano"]
[ECO "C50"]
[NIC "IG.02"]
[Time "15:01:07"]
[PlyCount "95"]
[TimeControl "1500+5"]

1. e4 e5 2. Nf3 Nc6 3. Bc4 Bc5 4. O-O Nf6 5. h3 O-O 6. Re1 d6 7. c3 h6 8.
d4 exd4 9. cxd4 Bb6 10. e5 dxe5 11. dxe5 Qxd1 12. Rxd1 Nh7 13. Nc3 Bf5 14.
Bf4 a6 15. Nd5 Rad8 16. Nxb6 cxb6 17. Rac1 Be4 18. Rxd8 Rxd8 19. Be2 b5 20.
Nd2 Bg6 21. Nb3 Nf8 22. Nc5 Na5 23. b4 Nc6 24. Nxb7 Nd4 25. Bg4 Rb8 26. Nc5
Rb6 27. Kh2 h5 28. Rd1 Nc2 29. Bf3 Nxb4 30. Bd2 Nc6 31. Bf4 Ne6 32. Nxe6
fxe6 33. Rd6 Be8 34. Rxe6 Kf8 35. Be3 Bd7 36. Bxb6 Bxe6 37. Bxc6 Bxa2 38.
Bb7 b4 39. Bxa6 b3 40. Bc4 Ke7 41. Bc5+ Kd7 42. e6+ Ke8 43. Bb5+ Kd8 44.
e7+ Kc7 45. e8=Q b2 46. Qd7+ Kb8 47. Bd6+ Ka8 48. Bc6# { Black checkmated }
1-0

[Event "ICC tourney 2533 (25 5)"]
[Site "Internet Chess Club"]
[Date "2021.04.25"]
[Round "7"]
[White "PANDE, NAYONIKA:K09-16097936"]
[Black "WISNIOWSKI, NATALIE:K09-15702390"]
[Result "0-1"]
[ICCResult "White resigns"]
[WhiteElo "1404"]
[BlackElo "2006"]
[Opening "QGD Slav: exchange variation, 6.Bf4 Bf5"]
[ECO "D14"]
[NIC "SL.01"]
[Time "15:00:11"]
[PlyCount "46"]
[TimeControl "1500+5"]

1. d4 d5 2. c4 c6 3. cxd5 cxd5 4. Nc3 Nf6 5. Nf3 Nc6 6. Bf4 Bf5 7. a3 e6 8.
e3 Bd6 9. Bg3 O-O 10. Bd3 Bg4 11. h3 Bh5 12. Bxd6 Qxd6 13. g4 Bg6 14. Qc2
Rac8 15. Bxg6 fxg6 16. e4 dxe4 17. Nxe4 Qf4 18. Nxf6+ Qxf6 19. Ne5 Nxe5 20.
dxe5 Qf3 21. Qxc8 Qxh1+ 22. Ke2 Qf3+ 23. Kd2 Rxc8 { White resigns } 0-1

[Event "ICC tourney 2533 (25 5)"]
[Site "Internet Chess Club"]
[Date "2021.04.25"]
[Round "7"]
[White "D LEVY, SOLOMON:K09-30045580"]
[Black "KAUR, ARADH:K09-15085398"]
[Result "0-1"]
[ICCResult "White resigns"]
[WhiteElo "1012"]
[BlackElo "1706"]
[Opening "Hungarian defense"]
[ECO "C50"]
[NIC "IG.03"]
[Time "15:00:53"]
[PlyCount "124"]
[TimeControl "1500+5"]

1. e4 e5 2. Nf3 Nc6 3. Bc4 Be7 4. O-O Nf6 5. Ng5 O-O 6. Bxf7+ Rxf7 7. Nxf7
Kxf7 8. d3 d6 9. Bg5 Bg4 10. f3 Bh5 11. Bxf6 Bxf6 12. Nc3 Ne7 13. Nd5 Nxd5
14. exd5 Kg8 15. Qd2 Bf7 16. c4 Bg5 17. Qb4 Be3+ 18. Kh1 Bb6 19. f4 exf4
20. Rxf4 Qg5 21. Raf1 Bg6 22. Qd2 Qe7 23. Re1 Qd7 24. Qe2 Re8 25. Qd2 Rxe1+
26. Qxe1 Bxd3 27. Rf3 Bxc4 28. b3 Bxd5 29. Rd3 Bf7 30. Qh4 Qe8 31. Rh3 Bg6
32. Rc3 Qf7 33. Rc1 Qf6 34. Qc4+ Qf7 35. Qh4 c6 36. h3 Qf2 37. Qxf2 Bxf2
38. g4 Be4+ 39. Kh2 d5 40. Rf1 Bb6 41. Kg3 d4 42. Kf4 Bg6 43. Ke5 d3 44.
Rd1 Ba5 45. Kd4 d2 46. Ke3 Bc2 47. Rxd2 Bxd2+ 48. Kxd2 Bb1 49. a4 Kf7 50.
Kc3 Kg6 51. Kd4 Kg5 52. Kc5 Kh4 53. Kd6 Kxh3 54. Kc7 b5 55. Kxc6 bxa4 56.
bxa4 Kxg4 57. Kb7 h5 58. Kxa7 h4 59. Kb6 h3 60. a5 h2 61. a6 h1=Q 62. a7
Qa8 { White resigns } 0-1

[Event "ICC tourney 2533 (25 5)"]
[Site "Internet Chess Club"]
[Date "2021.04.25"]
[Round "7"]
[White "DAS, SHREYAS:K09-15671703"]
[Black "GOLDEN, RIPLEY:K09-15557812"]
[Result "0-1"]
[ICCResult "White resigns"]
[WhiteElo "1010"]
[BlackElo "1584"]
[Opening "Ruy Lopez: 5.O-O"]
[ECO "C78"]
[NIC "RL.12"]
[Time "15:02:40"]
[PlyCount "78"]
[TimeControl "1500+5"]

1. e4 e5 2. Nf3 Nc6 3. Bb5 a6 4. Ba4 Nf6 5. O-O b5 6. Bb3 Be7 7. d3 O-O 8.
Nc3 d6 9. Be3 Na5 10. Nd2 Nxb3 11. axb3 Ng4 12. h3 Nxe3 13. fxe3 Re8 14.
Nd5 Bf8 15. Qf3 Be6 16. Qg3 Kh8 17. Nf3 c6 18. Nc3 Be7 19. Rf2 Rf8 20. Raf1
Rb8 21. d4 f6 22. d5 Bd7 23. h4 Qe8 24. Ra1 Ra8 25. Rd1 c5 26. Rff1 Qh5 27.
Kf2 f5 28. exf5 Qxf5 29. e4 Qf6 30. Rh1 Qh6 31. Ke1 Rf4 32. Nd2 Bxh4 33.
Rxh4 Rxh4 34. Nf3 Rg4 35. Qf2 Qh1+ 36. Ke2 Qxg2 37. Qxg2 Rxg2+ 38. Kd3 Bg4
39. Nh4 Rg3+ { White resigns } 0-1

[Event "ICC tourney 2533 (25 5)"]
[Site "Internet Chess Club"]
[Date "2021.04.25"]
[Round "7"]
[White "MELISSANDRE ZAMOJSKI, CHLOL:K09-16776316"]
[Black "UPADHYAY, PUNYAVRAT:K09-15975172"]
[Result "1-0"]
[ICCResult "Black resigns"]
[WhiteElo "978"]
[BlackElo "1546"]
[Opening "Sicilian defense"]
[ECO "B30"]
[NIC "SI.31"]
[Time "15:02:41"]
[PlyCount "85"]
[TimeControl "1500+5"]

1. e4 c5 2. Nf3 Nc6 3. b4 Nxb4 4. c3 Nc6 5. d4 cxd4 6. cxd4 d6 7. Nc3 Nf6
8. Bc4 Bg4 9. Qb3 e6 10. Qxb7 Rc8 11. Bb5 Qd7 12. Qa6 d5 13. Ne5 Qc7 14.
Nxc6 Nd7 15. exd5 Bb4 16. Bd2 Bxc3 17. Bxc3 exd5 18. O-O O-O 19. Bb4 Nb8
20. Qxa7 Nxc6 21. Qxc7 Rxc7 22. Bxf8 Kxf8 23. Rac1 Bd7 24. Bxc6 Rxc6 25.
Rxc6 Bxc6 26. Rc1 Bd7 27. Rc7 Ke7 28. Kf1 Kd6 29. Ra7 Kc6 30. Ke2 Be6 31.
a4 Kb6 32. Ra8 Kb7 33. Ra5 Kb6 34. Rc5 Ka6 35. Ke3 g5 36. f4 gxf4+ 37. Kxf4
Bd7 38. a5 Be6 39. Ke5 h5 40. Rxd5 Bxd5 41. Kxd5 Kxa5 42. Kc6 Kb4 43. d5 {
Black resigns } 1-0

[Event "ICC tourney 2533 (25 5)"]
[Site "Internet Chess Club"]
[Date "2021.04.25"]
[Round "7"]
[White "ETHAN LU, ALAN:K09-15478737"]
[Black "WENZHI GUO, MICHAEL:K09-16316494"]
[Result "0-1"]
[ICCResult "White checkmated"]
[WhiteElo "1649"]
[BlackElo "914"]
[Opening "QGD: Orthodox defense, Botvinnik variation"]
[ECO "D60"]
[NIC "QO.12"]
[Time "15:03:40"]
[PlyCount "66"]
[TimeControl "1500+5"]

1. d4 d5 2. c4 e6 3. Nc3 Nf6 4. Bg5 Be7 5. Nf3 Nbd7 6. e3 O-O 7. Bd3 b6 8.
O-O Bb7 9. Rc1 dxc4 10. Bxc4 Ne4 11. Bf4 Ndf6 12. Nxe4 Nxe4 13. Bd3 c5 14.
Qc2 f5 15. dxc5 Nxc5 16. Be2 Be4 17. Qc3 Nd3 18. Rcd1 Nxf4 19. exf4 Qc8 20.
Qb3 Bc2 21. Qe3 Bxd1 22. Rxd1 Bc5 23. Qb3 a6 24. Bc4 Qe8 25. Bxe6+ Kh8 26.
Ng5 Rd8 27. Nf7+ Rxf7 28. Rxd8 Qxd8 29. Bxf7 Qd2 30. h3 Qe1+ 31. Kh2 Bxf2
32. h4 Qg1+ 33. Kh3 Qh1# { White checkmated } 0-1

[Event "ICC tourney 2533 (25 5)"]
[Site "Internet Chess Club"]
[Date "2021.04.25"]
[Round "7"]
[White "KANKEYAN, RISHEETH:K09-16597998"]
[Black "MADIRAJU, RISHI:K09-16477316"]
[Result "1-0"]
[ICCResult "Black checkmated"]
[WhiteElo "1055"]
[BlackElo "1496"]
[Opening "Scotch: Schmidt variation"]
[ECO "C45"]
[NIC "SO.04"]
[Time "15:01:20"]
[PlyCount "69"]
[TimeControl "1500+5"]

1. e4 e5 2. Nf3 Nc6 3. d4 exd4 4. Nxd4 Nf6 5. Nc3 Bb4 6. Nxc6 bxc6 7. Bd3
O-O 8. Bd2 Re8 9. Qe2 d5 10. O-O dxe4 11. Bc4 Bg4 12. Qe3 Qd6 13. a3 Bc5
14. Qe1 Rad8 15. Bg5 Qd4 16. Bxf6 gxf6 17. Be2 Bf3 18. Rd1 e3 19. Rxd4
exf2+ 20. Rxf2 Rxd4 21. gxf3 Rd6 22. Ne4 Bxf2+ 23. Qxf2 Rde6 24. Bc4 f5 25.
Bxe6 Rxe6 26. Nc5 Rg6+ 27. Kf1 Kf8 28. Nd7+ Ke7 29. Ne5 Re6 30. Qc5+ Kf6
31. Nxc6 Kg5 32. Qg1+ Kf6 33. Nd4 Rd6 34. f4 c5 35. Qg5# { Black checkmated
} 1-0

[Event "ICC tourney 2533 (25 5)"]
[Site "Internet Chess Club"]
[Date "2021.04.25"]
[Round "7"]
[White "ANDERSON, WILL:K09-16154765"]
[Black "JIANG, MATHEW:K09-15949698"]
[Result "0-1"]
[ICCResult "White checkmated"]
[WhiteElo "807"]
[BlackElo "1822"]
[Opening "Scandinavian (center counter) defense"]
[ECO "B01"]
[NIC "VO.17"]
[Time "15:02:44"]
[PlyCount "114"]
[TimeControl "1500+5"]

1. e4 d5 2. exd5 Qxd5 3. Nf3 Nf6 4. d4 c6 5. c4 Qa5+ 6. Bd2 Qc7 7. Nc3 Bf5
8. c5 e6 9. Nh4 Bg6 10. Nxg6 hxg6 11. a4 Be7 12. Bc4 Nbd7 13. Bg5 Rxh2 14.
Rxh2 Qxh2 15. Qf3 Qh1+ 16. Bf1 O-O-O 17. Qh3 Qxh3 18. gxh3 Nf8 19. O-O-O
N8h7 20. Bf4 Nd5 21. Nxd5 Rxd5 22. Be5 Bf6 23. f4 Be7 24. Bg2 Rd7 25. Bxg7
Bf6 26. Bxf6 Nxf6 27. Bf3 Nd5 28. Bxd5 Rxd5 29. Kc2 Rh5 30. Rh1 Rh4 31. Kd3
Rxf4 32. Ke3 Rf5 33. b4 Kc7 34. Ke4 b6 35. Rc1 Rh5 36. Rc3 f6 37. Rg3 Rh4+
38. Rg4 f5+ 39. Kf4 fxg4 40. hxg4 Kd7 41. Kg5 Rh1 42. Kxg6 Rg1 43. g5 Ke7
44. Kg7 Rxg5+ 45. Kh6 Kf6 46. cxb6 axb6 47. a5 bxa5 48. d5 Rxd5 49. bxa5
Rxa5 50. Kh7 Rg5 51. Kh6 Rg1 52. Kh5 Kf5 53. Kh4 Kf4 54. Kh3 Kf3 55. Kh4 e5
56. Kh5 Kf4 57. Kh4 Rh1# { White checkmated } 0-1